 Dungeon Crawl Stone Soup version 0.31-a0-1-g4198be8af4 (webtiles) character file.

Game seed: 16544072918188813783

75355 Adrian566 the Peltast (level 15, -57/94 HPs)
             Began as a Gargoyle Fighter on May 1, 2023.
             Was an Initiate of Gozag.
             Annihilated by a titanic slime creature (91 damage)
             ... on level 4 of the Lair of Beasts.
             The game lasted 00:25:42 (23917 turns).

Adrian566 the Peltast (Gargoyle Fighter)           Turns: 23917, Time: 00:25:43

Health: -57/94     AC: 31    Str: 31    XL:     15   Next: 49%
Magic:  15/15      EV:  9    Int:  8    God:    Gozag
Gold:   2999       SH: 15    Dex: 15    Spells: 14/14 levels left

rFire   + . .        J - +6 mace of the Nurturing Gods {freeze, rElec}
rCold   + . .        v - +0 kite shield
rNeg    + . .        M - +0 plate armour "Faoskitsi" {Str+3}
rPois   ∞            (helmet restricted)
rElec   +            i - +2 cloak
rCorr   .            (no gloves)
SInv    .            (no boots)
Will    +....        N - amulet of regeneration Stlth
                     F - +6 ring of dexterity
HPRegen 1.15/turn    P - ring of protection from cold
MPRegen 0.14/turn

%: no passive effects
@: flying, hasted, very quick
A: sickness immunity, AC +11, big wings, negative energy resistance 1,
electricity resistance, torment resistance 1, petrification resistance, antennae
1, fire resistance 1, MP-powered wands
a: Renounce Religion, Potion Petition, Call Merchant, Bribe Branch


You were on level 4 of the Lair of Beasts.
You worshipped Gozag.
Gozag was most pleased with you.
You visited 4 branches of the dungeon, and saw 19 of its levels.
You also visited: Ossuary.

You collected 4554 gold pieces.
You spent 1222 gold pieces at shops.
You paid 333 gold pieces to Gozag.

Inventory:

Hand Weapons
 a - a +0 flail
 p - a +2 spectral flail
 C - a +0 morningstar
 J - the +6 mace of the Nurturing Gods (weapon) {freeze, rElec}
   (You found it on level 7 of the Dungeon)

   rElec:     It insulates you from electricity.
Missiles
 O - a throwing net (quivered)
Armour
 h - a +0 helmet
 i - a +2 cloak (worn)
 v - a +0 kite shield (worn)
 M - the +0 plate armour "Faoskitsi" (worn) {Str+3}
   (You found it on level 8 of the Dungeon)

   Str:       It affects your strength (+3).
Jewellery
 e - a +4 ring of slaying
 u - a ring of fire
 w - an amulet of reflection
 F - a +6 ring of dexterity (left hand)
 N - an amulet of regeneration (around neck)
 P - a ring of protection from cold (right hand)
 R - a ring of ice
Wands
 b - a wand of digging (11)
 c - a wand of paralysis (9)
 d - a wand of quicksilver (35)
 q - a wand of iceblast (11)
 t - a wand of flame (14)
 B - a wand of polymorph (22)
 Q - a wand of mindburst (7)
Scrolls
 f - 4 scrolls of blinking
 k - 2 scrolls of fear
 l - 6 scrolls of identify
 r - 2 scrolls of fog
 y - 8 scrolls of teleportation
 E - 5 scrolls of amnesia
 G - a scroll of noise
 K - 3 scrolls of magic mapping
 S - 2 scrolls of summoning
Potions
 j - 6 potions of attraction
 m - a potion of mutation
 n - 12 potions of curing
 o - 6 potions of brilliance
 x - a potion of haste
 A - a potion of magic
 D - 4 potions of resistance
 H - 4 potions of cancellation
 I - 2 potions of heal wounds
 L - 2 potions of invisibility


   Skills:
 + Level 11.0 Fighting
 + Level 14.2 Maces & Flails
 + Level 13.8 Armour
 + Level 3.4 Dodging
 + Level 3.2 Stealth
 + Level 19.8 Shields


You had 14 spell levels left.
You didn't know any spells.
Your spell library contained the following spells:

 Spells                   Type           Power      Damage    Failure   Level
 Beastly Appendage        Tmut           0%         N/A       96%         1
 Foxfire                  Conj/Fire      0%         2x1d4     96%         1
 Freeze                   Ice            0%         1d3       96%         1
 Sandblast                Erth           0%         2d4       96%         1
 Shock                    Conj/Air       0%         1d3       96%         1
 Ensorcelled Hibernation  Hex/Ice        0%         N/A       99%         2
 Passwall                 Tmut/Erth      0%         N/A       99%         2
 Poisonous Vapours        Pois/Air       0%         N/A       99%         2
 Scorch                   Fire           0%         2d5       99%         2
 Wereblood                Tmut           0%         N/A       99%         2
 Dazzling Flash           Conj/Hex       0%         N/A       100%        3
 Frozen Ramparts          Ice            0%         1d1       100%        3
 Hailstorm                Conj/Ice       0%         3d3       100%        3
 Mephitic Cloud           Conj/Pois/Air  0%         N/A       100%        3
 Portal Projectile        Hex/Tloc       0%         N/A       100%        3
 Spider Form              Tmut/Pois      0%         N/A       100%        3
 Stone Arrow              Conj/Erth      0%         3d7       100%        3
 Swiftness                Air            0%         N/A       100%        3
 Tukima's Dance           Hex            0%         N/A       100%        3
 Volatile Blastmotes      Fire/Tloc      0%         2d10      100%        3
 Airstrike                Air            0%         2d(0-16)  100%        4
 Flame Wave               Conj/Fire      0%         2d4       100%        4
 Iskenderun's Mystic Bla  Conj/Tloc      0%         2d3       100%        4
 Leda's Liquefaction      Hex/Erth       0%         N/A       100%        4
 Petrify                  Tmut/Erth      0%         N/A       100%        4
 Blade Hands              Tmut           0%         N/A       100%        5
 Fireball                 Conj/Fire      0%         3d3       100%        5
 Freezing Cloud           Conj/Ice/Air   0%         6-21      100%        5
 Lee's Rapid Deconstruct  Erth           0%         3d4*      100%        5
 Plasma Beam              Fire/Air       0%         2x1d11    100%        6
 Starburst                Conj/Fire      0%         6d3       100%        6
 Summon Cactus Giant      Summ           0%         N/A       100%        6
 Statue Form              Tmut/Erth      Unusable   N/A       N/A         6

Dungeon Overview and Level Annotations

Branches:
Dungeon (12/15)            Temple (1/1) D:5            Lair (5/5) D:11
  Swamp (0/4) Lair:2        Snake (0/4) Lair:3        Slime (1/5) Lair:4
    Orc (0/2) D:12        Ossuary (visited)

Altars:
Ashenzari
Cheibriados
Dithmenos
Elyvilon
Fedhas
Gozag
Hepliaklqana
Kikubaaqudgha
Makhleb
Nemelex Xobeh
Okawaru
Qazlal
Ru
Sif Muna
Trog
Uskayaw
Vehumet
Wu Jian
Xom
Yredelemnul
Zin
The Shining One
Jiyva

Shops:
D:2 *   D:5 *   D:8 (

Annotations:
D:6 2 transporters


Innate Abilities, Weirdness & Mutations

You are immune to sickness and miasma.
Your stone body is resilient. (AC +11)
You are immune to poison.
Your large and strong wings let you fly.
You resist negative energy. (rN+)
You are resistant to electric shocks. (rElec)
You are resistant to unholy torment.
You are immune to petrification.
You have a pair of small antennae on your head.
Your flesh is heat resistant. (rF+)
You expend magic power (3 MP) to strengthen your wands.


Message History

The titanic slime creature is no longer distracted by gold.
The slime creature attacks as you move away!
The slime creature hits you but does no damage.
The slime creature is distracted by your dazzling golden aura.
The slime creature attacks as you move away!
The slime creature closely misses you.
The slime creature attacks as you move away!
You block the slime creature's attack.
You block the large slime creature's attack.
A titanic slime creature splits.
The slime creature is no longer distracted by gold.
You block the slime creature's attack.
You sock the large slime creature! You freeze the large slime creature.
The large slime creature is lightly wounded.
You sock the large slime creature! You freeze the large slime creature.
The large slime creature is moderately wounded.
The large slime creature hits you.
Two slime creatures merge to form a titanic slime creature.
The slime creature is distracted by your dazzling golden aura.
Two slime creatures merge to form a very large slime creature.
You sock the titanic slime creature! You freeze the titanic slime creature.
The titanic slime creature is lightly wounded.
The very large slime creature is no longer distracted by gold.
You thump the titanic slime creature! You freeze the titanic slime creature.
The titanic slime creature is moderately wounded.
You block the titanic slime creature's attack.
Two slime creatures merge to form an enormous slime creature.
You sock the titanic slime creature! You freeze the titanic slime creature.
The titanic slime creature is moderately wounded.
You hit the titanic slime creature. You freeze the titanic slime creature.
The titanic slime creature is moderately wounded.
The titanic slime creature hits you!!
You sock the titanic slime creature! You freeze the titanic slime creature.
The titanic slime creature is moderately wounded.
You block the titanic slime creature's attack.
Unknown command.
You feel yourself speed up. The titanic slime creature hits you!!!!
Ouch! That really hurt!
You die...
Your body crumbles into a pile of gold.

##P.## ##..##
#....# ###..#
##.## #...#
#### ###.##
#..## #..#
#...##
##@####....#
#JJ#......###
##.........P#
#.........##
#..........##
#...........#
#.....$.....#
###....._>....#
#.............#


You could see a titanic slime creature and an enormous slime creature.

Vanquished Creatures
  Gastronok (D:9)
  Kirke (Lair:5)
  Fannar (Lair:1)
  4 hydras
  A catoblepas (Lair:3)
  2 two-headed ogres (D:11)
  Urug (Lair:2)
  11 death yaks
  Nergalle (D:12)
  2 skysharks
  12 spriggans (Lair:5)
  A necromancer (D:9)
  4 cyclopes
  An ugly thing (D:12)
  14 elephants
  3 slime creatures
  8 black mambas
  2 gargoyles
  Maggie (Lair:1)
  14 cane toads
  3 rime drakes
  9 komodo dragons
  Psyche (D:9)
  2 kobold demonologists (D:11)
  5 trolls
  5 polar bears (Lair:5)
  6 hornets
  Grinder (D:6)
  17 blink frogs
  6 dream sheep
  2 shadows
  2 vampires (D:12)
  A wyvern (D:8)
  2 wraiths
  Grum (D:9)
  A ynoxinul (D:8)
  40 yaks
  A hog (Lair:5)
  5 basilisks
  8 vampire mosquitoes
  3 nagas (Lair:3)
  3 acid dragons
  21 water moccasins
  7 orc warriors
  4 black bears
  4 ice beasts
  A sky beast (D:8)
  An ogre (D:4)
  4 boggarts (Lair:5)
  5 centaurs
  23 wolves
  A phantom (D:6)
  13 bullfrogs
  3 kobold brigands
  3 scorpions
  2 gnoll sergeants
  9 wights
  5 killer bees (D:10)
  4 electric eels
  A howler monkey (D:9)
  Crazy Yiuf (D:2)
  A hound (D:5)
  9 orc priests
  An iguana (D:5)
  3 sleepcaps
  Ijyb (D:5)
  Terence (D:3)
  13 orc wizards
  2 hell rats (Lair:2)
  8 mummies (Ossuary)
  Robin (D:3)
  5 gnolls
  3 adders
  9 river rats (Lair:2)
  A shadow imp (D:7)
  2 white imps
  3 worms (D:2)
  A dart slug (D:2)
  65 orcs
  4 endoplasms
  4 giant cockroaches
  10 goblins
  9 hobgoblins
  2 jackals (D:3)
  22 kobolds
  2 quokkas
  8 ball pythons
  A ball python skeleton (D:2)
  11 bats
  A giant cockroach zombie (D:2)
  A gnoll zombie (Ossuary)
  A hobgoblin zombie (Ossuary)
  4 kobold zombies (Ossuary)
  2 orc zombies (Ossuary)
  A quokka zombie (D:2)
  24 rats
557 creatures vanquished.

Vanquished Creatures (others)
  Sonja (Lair:1)
  A yak (Lair:5)
  4 humans (Lair:5)
  An orc priest (D:8)
  An orc wizard (D:8)
  An orc (D:8)
  A kobold (D:7)
  24 fungi
  23 plants
57 creatures vanquished.

Grand Total: 614 creatures vanquished

Notes
Turn   | Place    | Note
-------+----------+-------------------------------------------
     0 | D:1      | Adrian566 the Gargoyle Fighter began the quest for the Orb.
     0 | D:1      | Reached XP level 1. HP: 14/14 MP: 1/1
   148 | D:1      | Reached XP level 2. HP: 19/19 MP: 2/2
   710 | D:2      | Reached XP level 3. HP: 23/23 MP: 3/3
   761 | D:2      | Found Jeemycouwu's General Store.
  1088 | D:2      | Reached XP level 4. HP: 27/28 MP: 4/4
  1231 | D:2      | Found a runed translucent door.
  1232 | D:2      | Noticed Crazy Yiuf
  1548 | D:2      | Killed Crazy Yiuf
  1854 | D:3      | Noticed Terence
  1869 | D:3      | Killed Terence
  1870 | D:3      | Reached XP level 5. HP: 21/33 MP: 5/5
  2131 | D:3      | Noticed Robin
  2147 | D:3      | Killed Robin
  2148 | D:3      | Reached skill level 1 in Dodging
  2613 | D:4      | Reached skill level 4 in Shields
  2613 | D:4      | Reached XP level 6. HP: 38/38 MP: 6/6
  3420 | D:5      | Entered Level 5 of the Dungeon
  3420 | D:5      | Found a sand-covered staircase.
  3432 | D:5      | Noticed Ijyb
  3567 | D:5      | Killed Ijyb
  3576 | Ossuary  | Entered an ossuary
  3613 | Ossuary  | Reached skill level 5 in Armour
  3631 | Ossuary  | Reached XP level 7. HP: 25/43 MP: 7/7
  3778 | Ossuary  | Reached skill level 5 in Maces & Flails
  4093 | D:5      | Found Eokkod's Eclectic Emporium.
  4201 | D:5      | Found a staircase to the Ecumenical Temple.
  4307 | D:5      | Found a hazy altar of Hepliaklqana.
  4404 | Temple   | Entered the Ecumenical Temple
  4903 | D:2      | Bought a scroll of acquirement for 572 gold pieces
  4903 | D:2      | Acquired a manual of Shields
  4986 | D:6      | Reached skill level 5 in Shields
  5007 | D:6      | HP: 1/44 [gnoll sergeant/+5 spear of distortion (16)]
  5229 | D:6      | Noticed a gargoyle
  5229 | D:6      | Found a burning altar of Makhleb.
  5325 | D:6      | Reached skill level 1 in Stealth
  5325 | D:6      | Reached XP level 8. HP: 30/48 MP: 8/8
  5397 | D:6      | Noticed Grinder
  5406 | D:6      | Killed Grinder
  5407 | D:6      | Reached skill level 6 in Shields
  5450 | D:6      | Reached skill level 7 in Shields
  5668 | D:5      | Reached skill level 5 in Fighting
  5727 | D:6      | Reached skill level 8 in Shields
  5914 | D:6      | Reached XP level 9. HP: 54/54 MP: 9/9
  5960 | D:6      | Paralysed by a centaur for 4 turns
  5978 | D:6      | Found a radiant altar of Vehumet.
  6016 | D:6      | Found a transporter.
  6017 | D:6      | Noticed a manticore
  6020 | D:6      | Found a transporter.
  6021 | D:6      | Found a shadowy altar of Dithmenos.
  6021 | D:6      | Noticed a gargoyle
  6683 | D:7      | Reached skill level 9 in Shields
  6886 | D:7      | Identified the +6 mace of the Nurturing Gods {freeze,
                  | rElec}
  6959 | D:7      | Found a snail-covered altar of Cheibriados.
  7009 | D:7      | Reached skill level 10 in Shields
  7521 | D:8      | Paralysed by a centaur for 3 turns
  7526 | D:8      | Reached skill level 11 in Shields
  7707 | D:8      | Noticed a troll
  7708 | D:8      | Found a bloodstained altar of Trog.
  7719 | D:8      | Killed a troll
  7720 | D:8      | Reached XP level 10. HP: 47/60 MP: 10/10
  7769 | D:8      | Found a shimmering blue altar of Sif Muna.
  8067 | D:8      | Got Sif Muna's Papyrus of Lithic Transformation
  8125 | D:8      | Reached skill level 12 in Shields
  8276 | D:8      | Found Xetiamuv's Antique Weapon Shoppe.
  8316 | D:8      | Noticed a cyclops
  8324 | D:8      | Killed a cyclops
  8722 | D:8      | Identified the +0 plate armour "Faoskitsi" {Str+3}
  8783 | D:9      | Noticed Gastronok
  8798 | D:9      | Killed Gastronok
  8799 | D:9      | Reached skill level 13 in Shields
  9331 | D:9      | Reached skill level 14 in Shields
  9423 | D:9      | Found a basalt altar of Yredelemnul.
  9724 | D:9      | Noticed Psyche
  9734 | D:9      | Killed Psyche
  9735 | D:9      | Reached XP level 11. HP: 58/67 MP: 11/11
  9865 | D:9      | Found an opulent altar of Gozag.
  9960 | D:9      | Noticed a necromancer
  9969 | D:9      | Killed a necromancer
 10047 | D:9      | Noticed Grum
 10066 | D:9      | Killed Grum
 10409 | D:10     | Entered Level 10 of the Dungeon
 10521 | D:10     | Reached skill level 10 in Maces & Flails
 10853 | D:9      | Became a worshipper of Gozag Ym Sagoz the Greedy
 11002 | D:10     | Reached skill level 15 in Shields
 11484 | D:11     | Noticed a two-headed ogre
 11493 | D:11     | Killed a two-headed ogre
 11602 | D:11     | Noticed a cyclops
 11613 | D:11     | Killed a cyclops
 11850 | D:11     | Found a staircase to the Lair.
 11894 | D:11     | Noticed a two-headed ogre
 11903 | D:11     | Killed a two-headed ogre
 12152 | D:11     | Reached skill level 16 in Shields
 12351 | D:11     | Noticed a cyclops
 12361 | D:11     | Killed a cyclops
 12691 | D:12     | Noticed a brown ugly thing
 12702 | D:12     | Killed a brown ugly thing
 12703 | D:12     | Reached XP level 12. HP: 68/73 MP: 12/12
 13023 | D:12     | Noticed Nergalle
 13037 | D:12     | Killed Nergalle
 13711 | D:12     | Reached skill level 17 in Shields
 13810 | D:12     | Found a staircase to the Orcish Mines.
 14214 | D:5      | Bought a potion of experience for 650 gold pieces
 14214 | D:5      | Reached XP level 13. HP: 78/78 MP: 13/13
 14439 | Lair:1   | Entered Level 1 of the Lair of Beasts
 14453 | Lair:1   | Noticed Sonja
 14500 | Lair:1   | Killed Sonja
 14902 | Lair:1   | Noticed Maggie
 14922 | Lair:1   | Killed Maggie
 15179 | Lair:1   | Noticed Fannar
 15234 | Lair:1   | Killed Fannar
 15742 | Lair:2   | Gained mutation: Your large and strong wings let you fly.
                  | [Gargoyle growth]
 15742 | Lair:2   | Reached XP level 14. HP: 72/84 MP: 14/14
 15749 | Lair:2   | Reached skill level 18 in Shields
 15879 | Lair:2   | Found a staircase to the Swamp.
 16067 | Lair:2   | Noticed Urug
 16094 | Lair:2   | Killed Urug
 16912 | Lair:3   | Found a staircase to the Snake Pit.
 17768 | Lair:4   | Identified the +2 leather armour of the Devil's Team {rC++}
 18186 | Lair:4   | Found a viscous altar of Jiyva.
 18187 | Lair:4   | Found a staircase to the Slime Pits.
 18541 | Lair:4   | Gained mutation: Your mind is acute. (Int +4, Str/Dex -1)
                  | [potion of mutation]
 18541 | Lair:4   | Gained mutation: You are partially covered in iridescent
                  | scales. (AC +2) [potion of mutation]
 18541 | Lair:4   | Gained mutation: You are strong-willed. (Will+) [potion of
                  | mutation]
 18542 | Lair:4   | Lost mutation: You are partially covered in iridescent
                  | scales. (AC +2) [potion of mutation]
 18542 | Lair:4   | Lost mutation: Your mind is acute. (Int +4, Str/Dex -1)
                  | [potion of mutation]
 18542 | Lair:4   | Lost mutation: You are strong-willed. (Will+) [potion of
                  | mutation]
 18542 | Lair:4   | Gained mutation: You expend magic power (3 MP) to
                  | strengthen your wands. [potion of mutation]
 18542 | Lair:4   | Gained mutation: You are clumsy. (Dex -2) [potion of
                  | mutation]
 18542 | Lair:4   | Lost mutation: You expend magic power (3 MP) to strengthen
                  | your wands. [potion of mutation]
 18543 | Lair:4   | Lost mutation: You are clumsy. (Dex -2) [potion of
                  | mutation]
 18543 | Lair:4   | Gained mutation: Your flesh is heat resistant. (rF+)
                  | [potion of mutation]
 18543 | Lair:4   | Gained mutation: You expend magic power (3 MP) to
                  | strengthen your wands. [potion of mutation]
 18543 | Lair:4   | Gained mutation: You have a pair of small antennae on your
                  | head. [potion of mutation]
 18566 | Lair:5   | Entered Level 5 of the Lair of Beasts
 18649 | Lair:5   | Noticed Kirke
 18667 | Lair:5   | Killed Kirke
 18779 | Lair:5   | Reached skill level 10 in Fighting
 18779 | Lair:5   | Reached skill level 19 in Shields
 18976 | Lair:5   | Reached XP level 15. HP: 92/92 MP: 15/15
 23880 | Slime:1  | Entered Level 1 of the Pits of Slime
 23917 | Lair:4   | Annihilated by a titanic slime creature

Illustrated notes

Levels and vault maps discovered:
D:1:      eino_arrival_cavern_a, layout_rooms, dreamdust_princess_corridor,
          minmay_door_square
D:2:      layout_loops_ring, serial_undead, serial_undead_f, serial_undead_b,
          serial_undead_d, serial_undead_e, serial_shops,
          nicolae_shop_tiny_glass, st_stairs_13, minivault_24,
          minmay_misc_feat_cross, minmay_rat_hole, uniq_crazy_yiuf_cottage
D:3:      layout_loops_ring, uniq_terence, uniq_robin
D:4:      layout_loops_corners, grunt_decor_junction, amethyst_killhole
D:5:      layout_rooms, nicolae_overflow_crystal_walls, temple_pool_b,
          nicolae_ossuary_entry_ruins, hex_intersection,
          minmay_misc_feat_square, minmay_misc_feat_rows,
          nicolae_alphabet_shops, uniq_ijyb
D:6:      cheibrodos_thug_alley, layout_rooms, vehumet_altar_wand_db,
          gammafunk_temple_overflow_arena, uniq_grinder
D:7:      layout_loops_ring, marbit_many_paths, hangedman_decor_clover_reticule
D:8:      kennysheep_blocky_hall, layout_basic,
          nzn_overflow_gifts_of_might_and_magic, special_room
          [special_room_orc], serial_shops, shop
D:9:      layout_loops_corners, kennysheep_mini_moat, grunt_gozag_breadcrumbs,
          minmay_librarian, uniq_psyche, uniq_grum, uniq_gastronok
D:10:     layout_irregular_city
D:11:     layout_basic, david_lair_generic
D:12:     layout_long_grid, minmay_orc_entry_temple_small, kennysheep_dice,
          uniq_nergalle
Temple:   hellmonk_temple_forest_ring
Lair:1:   layout_gridlike, chequers_serial_rivers_micro_c, grunt_megastairs_3,
          infiniplex_staircase_pool_2, uniq_maggie, uniq_sonja, uniq_fannar
Lair:2:   nzn_winding_woodlands_stair_trap
          [nzn_winding_woodlands_5x15_split_checker,
          nzn_winding_woodlands_5x15_pool,
          nzn_winding_woodlands_5x15_river_crossing,
          nzn_winding_woodlands_15x15_killbox,
          nzn_winding_woodlands_5x15_crooked,
          nzn_winding_woodlands_5x15_default, nzn_winding_woodlands_5x15_cabin],
          layout_cellular_growth, swamp_mist, nicolae_quartered_pool_medium,
          st_stairs_12, kennysheep_rathole, uniq_urug
Lair:3:   layout_cave_pods, minmay_snake_entry_guardpost_small,
          beast_lair_carwin_7, lemuel_fruit_tree, infiniplex_staircase_pool
Lair:4:   layout_cave_pods, slime_entry_1
Lair:5:   minmay_lair_end_enchanted_forest, layout_long_grid, uniq_kirke
Slime:1:  layout_caves

Skill      XL: |  1  2  3  4  5  6  7  8  9 10 11 12 13 14 15 |
---------------+----------------------------------------------+-----
Maces & Flails | 3 4 5 7 8 9 10 11 13 14 | 14.2
Armour         | 4 5 6 7 8 12 13 | 13.8
Dodging        | 1 2 3 |  3.4
Shields        | 4 5 8 11 14 16 17 19 | 19.8
Fighting       | 4 5 6 7 8 10 11 | 11.0
Stealth        | 1 2 3 |  3.2

Action                     |  1- 3 |  4- 6 |  7- 9 | 10-12 | 13-15 || total
---------------------------+-------+-------+-------+-------+-------++-------
  Melee: Flail             |   156 |   205 |   234 |       |       ||   595
         Unarmed           |       |    12 |       |       |       ||    12
         Mace              |       |       |    75 |   563 |  1379 ||  2017
    Use: Potion            |       |     5 |     5 |     3 |     6 ||    19
         Scroll            |       |     1 |    20 |       |     9 ||    30
   Stab: Distracted        |       |       |     1 |       |     4 ||     5
         Paralysed         |       |       |     1 |       |       ||     1
         Petrified         |       |       |       |       |     2 ||     2
 Armour: Scale mail        |   104 |   117 |   118 |       |       ||   339
         Skin              |       |     8 |       |       |       ||     8
         Plate armour      |       |       |    11 |   282 |   665 ||   958
  Dodge: Dodged            |   102 |    99 |    99 |   108 |   337 ||   745
  Block: Buckler           |    26 |    79 |    69 |       |       ||   174
         Other             |       |     2 |       |       |       ||     2
         Reflection        |       |       |    10 |    13 |     4 ||    27
         Kite shield       |       |       |   114 |   542 |   961 ||  1617

Table legend: (Time is in decaauts)
 A = Elapsed time spent in this place.
 B = Non-inter-level travel time spent in this place.
 C = Inter-level travel time spent in this place.
 D = Time resting spent in this place.
 E = Time spent auto-exploring this place.
 F = Levels seen in this place.
 G = Mean time per level.
                   A        B        C        D        E       F      G
               +--------+--------+--------+--------+--------+-----+--------+
         Total |  23742 |  22268 |   1474 |   4176 |  13830 |  20 | 1187.1 |
       Dungeon |  14029 |  12797 |   1232 |    780 |   9605 |  12 | 1169.1 |
        Temple |    168 |    139 |     29 |      0 |    129 |   1 |  168.0 |
          Lair |   9179 |   8966 |    213 |   3396 |   3869 |   5 | 1835.8 |
    Slime Pits |     14 |     14 |      0 |      0 |      0 |   1 |   14.0 |
       Ossuary |    350 |    350 |      0 |      0 |    226 |   1 |  350.0 |
               +--------+--------+--------+--------+--------+-----+--------+

Top non-repeatable levels by time:
  Lair:5: 5113 daAuts
     D:9: 1799 daAuts
     D:8: 1518 daAuts
    D:12: 1481 daAuts
    D:11: 1374 daAuts
     D:5: 1240 daAuts
     D:7: 1109 daAuts
  Lair:2: 1101 daAuts
     D:2: 1048 daAuts
  Lair:1: 1032 daAuts
     D:6: 1025 daAuts
  Lair:3: 1013 daAuts
     D:4: 1007 daAuts
     D:3: 935 daAuts
  Lair:4: 918 daAuts
